TOP OF THE 1ST |
University of Minnesota Golden Gophers batting - Pitching for University of Conneticut Huskies : RHP Fidel Alonso
|
Pitching: RHP Fidel Alonso
|
|
Batting: RHB Jim Unknown
|
0-0: Called Strike 0-1: Ball 1-1: Ball 2-1: Reached on error, E5 (Groundball, 25, EV 78.1 MPH)
|
Batting: RHB Jim Unknown
|
0-0: Ball 1-0: Swinging Strike 1-1: Foul Ball, location: 2F 1-2: Ball 2-2: Strikes out looking
|
Batting: LHB Jim Unknown
|
0-0: Ball Jim Unknown is caught stealing 2nd base 2-6 1-0: Ball 2-0: Foul Ball, location: 2F 2-1: Ground out 4-3 (Groundball, 4, EV 88.1 MPH)
|
Top of the 1st over - 0 runs, 0 hits, 1 error, 0 left on base; University of Minnesota 0 - University of Conneticut 0 |
BOTTOM OF THE 1ST |
University of Conneticut Huskies batting - Pitching for University of Minnesota Golden Gophers : RHP Jim Unknown
|
Pitching: RHP Jim Unknown
|
|
Batting: LHB Enzo Aguello
|
0-0: Fly out, F7 (Line Drive, 7, EV 91.9 MPH)
|
Batting: RHB Brendan Garoutte
|
0-0: Reached on error, E6 (Groundball, 56, EV 107.5 MPH)
|
Batting: LHB Bill Kovac
|
0-0: Ball 1-0: Ball 2-0: Ball 3-0: Called Strike 3-1: Foul Ball, location: 2F 3-2: Strikes out swinging
|
Batting: LHB Fumito Sakurai
|
0-0: Ball 1-0: Ball Wild Pitch! Brendan Garoutte to second 2-0: Called Strike 2-1: Swinging Strike 2-2: Strikes out looking
|
Bottom of the 1st over - 0 runs, 0 hits, 1 error, 1 left on base; University of Minnesota 0 - University of Conneticut 0 |
TOP OF THE 2ND |
University of Minnesota Golden Gophers batting - Pitching for University of Conneticut Huskies : RHP Fidel Alonso
|
Batting: LHB Jim Unknown
|
0-0: Called Strike 0-1: Ball 1-1: Swinging Strike 1-2: Ball 2-2: Foul Ball, location: 2F 2-2: Ball 3-2: Base on Balls
|
Batting: RHB Jim Unknown
|
0-0: Foul Ball, location: 2F 0-1: Called Strike 0-2: SINGLE (Groundball, 6MD, EV 105.0 MPH) Jim Unknown to second
|
Batting: RHB Jim Unknown
|
0-0: Ball 1-0: Fly out, F9 (Flyball, 9LS, EV 83.8 MPH)
|
Batting: SHB Jim Unknown
|
0-0: Ball 1-0: Fielders Choice at 2nd, 3-6 (Groundball, 3, EV 83.1 MPH) Jim Unknown to third
|
Batting: RHB Jim Unknown
|
0-0: Called Strike 0-1: Called Strike 0-2: Ground out 5-3 (Groundball, 56S, EV 86.2 MPH)
|
Top of the 2nd over - 0 runs, 1 hit, 0 errors, 2 left on base; University of Minnesota 0 - University of Conneticut 0 |
BOTTOM OF THE 2ND |
University of Conneticut Huskies batting - Pitching for University of Minnesota Golden Gophers : RHP Jim Unknown
|
Batting: RHB Bill Stern
|
0-0: Called Strike 0-1: Ground out 6-3 (Groundball, 56, EV 103.8 MPH)
|
Batting: RHB Scott Webb
|
0-0: Ball 1-0: Fly out, F9 (Flyball, 9LM, EV 96.2 MPH)
|
Batting: RHB Juan Vasquez
|
0-0: Called Strike 0-1: Ground out 4-3 (Groundball, 34, EV 106.2 MPH)
|
Bottom of the 2nd over - 0 runs, 0 hits, 0 errors, 0 left on base; University of Minnesota 0 - University of Conneticut 0 |
TOP OF THE 3RD |
University of Minnesota Golden Gophers batting - Pitching for University of Conneticut Huskies : RHP Fidel Alonso
|
Batting: RHB Jim Unknown
|
0-0: Called Strike 0-1: Ball 1-1: Ball 2-1: Swinging Strike 2-2: Foul Ball, location: 2F 2-2: Strikes out looking
|
Batting: RHB Jim Unknown
|
0-0: Ball 1-0: Called Strike 1-1: Ball 2-1: Ball 3-1: Foul Ball, location: 2F 3-2: Reached on error, E6 (Groundball, 6, EV 87.5 MPH)
|
Batting: RHB Jim Unknown
|
0-0: Swinging Strike 0-1: Ball 1-1: Ball 2-1: Called Strike 2-2: Foul Ball, location: 2F 2-2: Foul Ball, location: 2F 2-2: Ball 3-2: SINGLE (Groundball, 25, EV 60.0 MPH) (infield hit) Jim Unknown to third
|
Batting: LHB Jim Unknown
|
0-0: Foul Ball, location: 2F 0-1: Ball 1-1: Foul Ball, location: 2F 1-2: Strikes out swinging
|
Batting: LHB Jim Unknown
|
0-0: Ball 1-0: Called Strike 1-1: Foul Ball, location: 2F 1-2: Ground out U3 (Groundball, 34, EV 89.4 MPH)
|
Top of the 3rd over - 0 runs, 1 hit, 1 error, 2 left on base; University of Minnesota 0 - University of Conneticut 0 |
BOTTOM OF THE 3RD |
University of Conneticut Huskies batting - Pitching for University of Minnesota Golden Gophers : RHP Jim Unknown
|
Batting: RHB Alejandro Collazo
|
0-0: Called Strike 0-1: SINGLE (Groundball, 56, EV 96.2 MPH)
|
Batting: RHB Devon House
|
0-0: Ball 1-0: Ball 2-0: Ball 3-0: Called Strike 3-1: Swinging Strike 3-2: Foul Ball, location: 2F 3-2: Strikes out looking
|
Batting: LHB Enzo Aguello
|
0-0: Ball 1-0: Ball 2-0: Ball 3-0: Called Strike 3-1: Called Strike 3-2: Base on Balls Alejandro Collazo to second
|
Batting: RHB Brendan Garoutte
|
0-0: Called Strike 0-1: Fly out, F7 (Flyball, 7LS, EV 65.6 MPH)
|
Batting: LHB Bill Kovac
|
0-0: Ball 1-0: Called Strike 1-1: Ball 2-1: Fly out, F4 (Line Drive, 4, EV 67.5 MPH)
|
Bottom of the 3rd over - 0 runs, 1 hit, 0 errors, 2 left on base; University of Minnesota 0 - University of Conneticut 0 |
TOP OF THE 4TH |
University of Minnesota Golden Gophers batting - Pitching for University of Conneticut Huskies : RHP Fidel Alonso
|
Batting: RHB Jim Unknown
|
0-0: Swinging Strike 0-1: Foul Ball, location: 2F 0-2: Ball 1-2: Ball 2-2: Foul Ball, location: 2F 2-2: Ball 3-2: Fly out, F9 (Flyball, 8RS, EV 77.5 MPH)
|
Batting: RHB Jim Unknown
|
0-0: Ball 1-0: Ball 2-0: Ground out 5-3 (Groundball, 56, EV 90.6 MPH)
|
Batting: SHB Jim Unknown
|
0-0: Called Strike 0-1: Foul Ball, location: 2F 0-2: Ball 1-2: Ball 2-2: DOUBLE (Line Drive, 78XD, EV 109.4 MPH)
|
Pitching: RHP Victor Diaz
|
|
Batting: RHB Jim Unknown
|
0-0: Called Strike 0-1: Ball 1-1: Foul Ball, location: 2F 1-2: Foul Ball, location: 2F 1-2: Foul Ball, location: 2F 1-2: Ball 2-2: Ground out 6-3 (Groundball, 6M, EV 103.8 MPH)
|
Top of the 4th over - 0 runs, 1 hit, 0 errors, 1 left on base; University of Minnesota 0 - University of Conneticut 0 |
BOTTOM OF THE 4TH |
University of Conneticut Huskies batting - Pitching for University of Minnesota Golden Gophers : RHP Jim Unknown
|
Batting: LHB Fumito Sakurai
|
0-0: Called Strike 0-1: Called Strike 0-2: Ground out U3 (Groundball, 3L, EV 84.4 MPH)
|
Batting: RHB Bill Stern
|
0-0: Called Strike 0-1: Ball 1-1: Ball 2-1: Fly out, F7 (Line Drive, 7, EV 98.8 MPH)
|
Batting: RHB Scott Webb
|
0-0: Called Strike 0-1: Swinging Strike 0-2: SINGLE (Flyball, 89S, EV 90.0 MPH)
|
Batting: RHB Juan Vasquez
|
0-0: Swinging Strike 0-1: Ball 1-1: Ball 2-1: Ground out 6-3 (Groundball, 6S, EV 68.8 MPH)
|
Bottom of the 4th over - 0 runs, 1 hit, 0 errors, 1 left on base; University of Minnesota 0 - University of Conneticut 0 |
TOP OF THE 5TH |
University of Minnesota Golden Gophers batting - Pitching for University of Conneticut Huskies : RHP Victor Diaz
|
Batting: RHB Jim Unknown
|
0-0: Ball 1-0: Swinging Strike 1-1: Ball 2-1: Swinging Strike 2-2: Foul Ball, location: 2F 2-2: Ball 3-2: Strikes out swinging
|
Batting: RHB Jim Unknown
|
0-0: Swinging Strike 0-1: Ball 1-1: Ball 2-1: Ball 3-1: Called Strike 3-2: Strikes out swinging
|
Batting: RHB Jim Unknown
|
0-0: Ground out 6-3 (Groundball, 6, EV 82.5 MPH)
|
Top of the 5th over - 0 runs, 0 hits, 0 errors, 0 left on base; University of Minnesota 0 - University of Conneticut 0 |
BOTTOM OF THE 5TH |
University of Conneticut Huskies batting - Pitching for University of Minnesota Golden Gophers : RHP Jim Unknown
|
Pitching: LHP Jim Unknown
|
|
Batting: RHB Alejandro Collazo
|
0-0: Ball 1-0: SINGLE (Groundball, 56, EV 106.9 MPH)
|
Batting: RHB Devon House
|
0-0: Called Strike 0-1: Ball 1-1: Ball 2-1: Called Strike 2-2: Ball 3-2: Foul Ball, location: 2F 3-2: Base on Balls Alejandro Collazo to second
|
Batting: LHB Enzo Aguello
|
0-0: SINGLE (Groundball, 6D, EV 105.0 MPH) Alejandro Collazo to third Devon House to second
|
Batting: RHB Brendan Garoutte
|
0-0: Called Strike 0-1: Called Strike 0-2: Ball 1-2: Ball 2-2: Ball 3-2: Foul Ball, location: 2F 3-2: SINGLE (Groundball, 6MD, EV 101.2 MPH) Alejandro Collazo scores Devon House to third Enzo Aguello to second Runner from 3rd tries for Home, throw by CF and OUT! 8-2
|
Batting: LHB Bill Kovac
|
0-0: Swinging Strike 0-1: Foul Ball, location: 2F 0-2: Ball 1-2: Foul Ball, location: 2F 1-2: Hit by Pitch Enzo Aguello to third Brendan Garoutte to second
|
Batting: LHB Fumito Sakurai
|
0-0: Swinging Strike 0-1: Ball 1-1: Ball 2-1: Foul Ball, location: 2F 2-2: Ball 3-2: Foul Ball, location: 2F 3-2: Strikes out swinging
|
Batting: RHB Bill Stern
|
0-0: Foul Ball, location: 2F 0-1: Ball Wild Pitch! Enzo Aguello scores Brendan Garoutte to third Bill Kovac to second 1-1: Ball 2-1: 3-RUN HOME RUN (Flyball, 89XD, EV 106.9 MPH), Distance : 422 ft
|
Pitching: RHP Jim Unknown
|
|
Batting: RHB Scott Webb
|
0-0: Ball 1-0: Foul Ball, location: 2F 1-1: Ball 2-1: Foul Ball, location: 2F 2-2: DOUBLE (Line Drive, 7LM, EV 112.5 MPH)
|
Batting: RHB Juan Vasquez
|
0-0: Ball 1-0: Foul Ball, location: 2F 1-1: Called Strike 1-2: Fly out, F8 (Flyball, 8RD, EV 95.0 MPH)
|
Bottom of the 5th over - 5 runs, 5 hits, 0 errors, 1 left on base; University of Minnesota 0 - University of Conneticut 5 |
TOP OF THE 6TH |
University of Minnesota Golden Gophers batting - Pitching for University of Conneticut Huskies : RHP Victor Diaz
|
Batting: LHB Jim Unknown
|
0-0: Fly out, F7 (Flyball, 7LD, EV 91.9 MPH)
|
Batting: LHB Jim Unknown
|
0-0: Swinging Strike 0-1: Swinging Strike 0-2: Ball 1-2: Foul Ball, location: 2F 1-2: Strikes out swinging
|
Batting: RHB Jim Unknown
|
0-0: Called Strike 0-1: Fly out, F9 (Flyball, 9, EV 79.4 MPH)
|
Top of the 6th over - 0 runs, 0 hits, 0 errors, 0 left on base; University of Minnesota 0 - University of Conneticut 5 |
BOTTOM OF THE 6TH |
University of Conneticut Huskies batting - Pitching for University of Minnesota Golden Gophers : RHP Jim Unknown
|
Batting: RHB Alejandro Collazo
|
0-0: Ground out 6-3 (Groundball, 6, EV 80.0 MPH)
|
Batting: RHB Devon House
|
0-0: Ball 1-0: Called Strike 1-1: Ground out 4-3 (Groundball, 4, EV 82.5 MPH)
|
Batting: LHB Enzo Aguello
|
0-0: Fly out, F9 (Line Drive, 9, EV 106.9 MPH)
|
Bottom of the 6th over - 0 runs, 0 hits, 0 errors, 0 left on base; University of Minnesota 0 - University of Conneticut 5 |
TOP OF THE 7TH |
University of Minnesota Golden Gophers batting - Pitching for University of Conneticut Huskies : RHP Victor Diaz
|
Batting: RHB Jim Unknown
|
0-0: Called Strike 0-1: Swinging Strike 0-2: Ball 1-2: Ground out 4-3 (Groundball, 4, EV 83.1 MPH)
|
Batting: SHB Jim Unknown
|
0-0: Ball 1-0: Ground out U3 (Groundball, 3, EV 81.2 MPH)
|
Batting: RHB Jim Unknown
|
0-0: Called Strike 0-1: Ball 1-1: Swinging Strike 1-2: Strikes out swinging
|
Top of the 7th over - 0 runs, 0 hits, 0 errors, 0 left on base; University of Minnesota 0 - University of Conneticut 5 |
BOTTOM OF THE 7TH |
University of Conneticut Huskies batting - Pitching for University of Minnesota Golden Gophers : RHP Jim Unknown
|
Batting: RHB Brendan Garoutte
|
0-0: Ball 1-0: Foul Ball, location: 2F 1-1: Ball 2-1: SINGLE (Groundball, 56S, EV 73.1 MPH) (infield hit)
|
Pinch Hitting: LHB Andrew Barzee
|
0-0: Swinging Strike 0-1: Fly out, F7 (Flyball, 7LS, EV 83.8 MPH)
|
Batting: LHB Fumito Sakurai
|
0-0: Ball 1-0: Fly out, F9 (Flyball, 89S, EV 86.9 MPH)
|
Batting: RHB Hugo Priego
|
0-0: Ball 1-0: Ball 2-0: SINGLE (Groundball, 6MD, EV 102.5 MPH) Brendan Garoutte to second
|
Pinch Hitting: LHB Clint Hanninen
|
0-0: Foul Ball, location: 2F 0-1: Fielders Choice at 2nd, 5-4 (Groundball, 56, EV 81.2 MPH)
|
Bottom of the 7th over - 0 runs, 2 hits, 0 errors, 2 left on base; University of Minnesota 0 - University of Conneticut 5 |
TOP OF THE 8TH |
University of Minnesota Golden Gophers batting - Pitching for University of Conneticut Huskies : RHP Victor Diaz
|
Now at 2B: Clint Hanninen
|
|
Now in LF: Cody Leonard
|
|
Batting: RHB Jim Unknown
|
0-0: SINGLE (Groundball, 34D, EV 108.8 MPH)
|
Batting: RHB Jim Unknown
|
0-0: Ball 1-0: Called Strike 1-1: Foul Ball, location: 2F 1-2: Ball 2-2: SINGLE (Groundball, 56S, EV 73.8 MPH) (infield hit) Jim Unknown to second
|
Batting: RHB Jim Unknown
|
0-0: Ball 1-0: Ball 2-0: Called Strike 2-1: Ball 3-1: Swinging Strike 3-2: Base on Balls Jim Unknown to third Jim Unknown to second
|
Batting: LHB Jim Unknown
|
0-0: Foul Ball, location: 2F 0-1: GRAND SLAM HOME RUN (Flyball, 89XD, EV 112.5 MPH), Distance : 417 ft
|
Pitching: LHP Angel Juarez
|
|
Batting: LHB Jim Unknown
|
0-0: Ball 1-0: Ground out U3 (Groundball, 3L, EV 78.1 MPH)
|
Batting: RHB Jim Unknown
|
0-0: Foul Ball, location: 2F 0-1: Called Strike 0-2: Ball 1-2: Strikes out swinging
|
Batting: RHB Jim Unknown
|
0-0: Foul Ball, location: 2F 0-1: Called Strike 0-2: Strikes out swinging
|
Top of the 8th over - 4 runs, 3 hits, 0 errors, 0 left on base; University of Minnesota 4 - University of Conneticut 5 |
BOTTOM OF THE 8TH |
University of Conneticut Huskies batting - Pitching for University of Minnesota Golden Gophers : RHP Jim Unknown
|
Pitching: LHP Jim Unknown
|
|
Batting: RHB Juan Vasquez
|
0-0: Ball 1-0: Fly out, F9 (Flyball, 89S, EV 77.5 MPH)
|
Batting: RHB Alejandro Collazo
|
0-0: Ball 1-0: Swinging Strike 1-1: Foul Ball, location: 2F 1-2: Foul Ball, location: 2F 1-2: DOUBLE (Flyball, 89D, EV 108.8 MPH)
|
Batting: RHB Devon House
|
0-0: Called Strike 0-1: Fly out, F9 (Flyball, 9S, EV 91.9 MPH)
|
Batting: LHB Enzo Aguello
|
0-0: Ground out 4-3 (Groundball, 4, EV 84.4 MPH)
|
Bottom of the 8th over - 0 runs, 1 hit, 0 errors, 1 left on base; University of Minnesota 4 - University of Conneticut 5 |
TOP OF THE 9TH |
University of Minnesota Golden Gophers batting - Pitching for University of Conneticut Huskies : LHP Angel Juarez
|
Pitching: RHP Malcolm Holz
|
|
Batting: SHB Jim Unknown
|
0-0: Ball 1-0: Foul Ball, location: 2F 1-1: Ball 2-1: Hit by Pitch
|
Batting: RHB Jim Unknown
|
0-0: Bunt missed! 0-1: Ball 1-1: Ball 2-1: Bunted foul 2-2: Ground out 5-3 (Groundball, 56S, EV 66.9 MPH) Jim Unknown to second
|
Batting: RHB Jim Unknown
|
0-0: Ball 1-0: Ball 2-0: Fly out, F4 (Popup, 4, EV 56.9 MPH)
|
Batting: RHB Jim Unknown
|
0-0: Called Strike 0-1: Called Strike 0-2: Ball 1-2: Ball 2-2: Ball 3-2: SINGLE (Groundball, 6, EV 103.1 MPH) Jim Unknown to third Runner from 3rd tries for Home, SAFE, throw by CF to home Jim Unknown to second
|
Batting: RHB Jim Unknown
|
0-0: Ball 1-0: Swinging Strike 1-1: Foul Ball, location: 2F 1-2: Foul Ball, location: 2F 1-2: Ball 2-2: Ground out 6-3 (Groundball, 6M, EV 85.6 MPH)
|
Top of the 9th over - 1 run, 1 hit, 0 errors, 1 left on base; University of Minnesota 5 - University of Conneticut 5 |
BOTTOM OF THE 9TH |
University of Conneticut Huskies batting - Pitching for University of Minnesota Golden Gophers : LHP Jim Unknown
|
Pinch Hitting: LHB Ivan Pina
|
0-0: Foul Ball, location: 2F 0-1: Swinging Strike 0-2: Ball 1-2: Ball 2-2: Ball 3-2: Strikes out swinging
|
Pinch Hitting: RHB Jorge Dominguez
|
0-0: Fly out, F9 (Flyball, 89S, EV 81.2 MPH)
|
Pinch Hitting: LHB Javy Rueda
|
0-0: Ground out 4-3 (Groundball, 4, EV 102.5 MPH)
|
Bottom of the 9th over - 0 runs, 0 hits, 0 errors, 0 left on base; University of Minnesota 5 - University of Conneticut 5 |
TOP OF THE 10TH |
University of Minnesota Golden Gophers batting - Pitching for University of Conneticut Huskies : RHP Malcolm Holz
|
Now in LF: Yashiya Nakata
|
|
Now in CF: Chris Handelman
|
|
Now in RF: Sergei Stefanov
|
|
Batting: LHB Jim Unknown
|
0-0: Ball 1-0: Called Strike 1-1: Foul Ball, location: 2F 1-2: Strikes out swinging
|
Batting: LHB Jim Unknown
|
0-0: Ball 1-0: SINGLE (Groundball, 34S, EV 71.2 MPH) (infield hit)
|
Batting: RHB Jim Unknown
|
0-0: Called Strike 0-1: Ball 1-1: Ball 2-1: Foul Ball, location: 2F 2-2: SINGLE (Groundball, 4MD, EV 106.2 MPH) Jim Unknown to second
|
Batting: RHB Jim Unknown
|
0-0: Called Strike 0-1: Foul Ball, location: 2F 0-2: Fly out, F9 (Flyball, 9D, EV 96.2 MPH) Runner from 2nd tags up, SAFE at 3rd, no throw by RF
|
Pitching: RHP Miguel Ramos
|
|
Batting: SHB Jim Unknown
|
0-0: Ball 1-0: Called Strike 1-1: Called Strike 1-2: Strikes out swinging
|
Top of the 10th over - 0 runs, 2 hits, 0 errors, 2 left on base; University of Minnesota 5 - University of Conneticut 5 |
BOTTOM OF THE 10TH |
University of Conneticut Huskies batting - Pitching for University of Minnesota Golden Gophers : LHP Jim Unknown
|
Pitching: RHP Jim Unknown
|
|
Batting: RHB Hugo Priego
|
0-0: Called Strike 0-1: Called Strike 0-2: Ball 1-2: Ball 2-2: Strikes out swinging
|
Batting: LHB Clint Hanninen
|
0-0: Foul Ball, location: 2F 0-1: Called Strike 0-2: Strikes out swinging
|
Batting: RHB Juan Vasquez
|
0-0: Ball 1-0: Ball 2-0: Foul Ball, location: 2F 2-1: Foul Ball, location: 2F 2-2: Strikes out looking
|
Bottom of the 10th over - 0 runs, 0 hits, 0 errors, 0 left on base; University of Minnesota 5 - University of Conneticut 5 |
TOP OF THE 11TH |
University of Minnesota Golden Gophers batting - Pitching for University of Conneticut Huskies : RHP Miguel Ramos
|
Batting: RHB Jim Unknown
|
0-0: Called Strike 0-1: Ball 1-1: Foul Ball, location: 2F 1-2: Ground out 6-3 (Groundball, 6MD, EV 101.2 MPH)
|
Batting: RHB Jim Unknown
|
0-0: Ground out 1-3 (Groundball, 13S, EV 65.6 MPH)
|
Batting: RHB Jim Unknown
|
0-0: Ball 1-0: Ball 2-0: Called Strike 2-1: Fly out, F7 (Flyball, 7LM, EV 84.4 MPH)
|
Top of the 11th over - 0 runs, 0 hits, 0 errors, 0 left on base; University of Minnesota 5 - University of Conneticut 5 |
BOTTOM OF THE 11TH |
University of Conneticut Huskies batting - Pitching for University of Minnesota Golden Gophers : RHP Jim Unknown
|
Batting: RHB Alejandro Collazo
|
0-0: Ball 1-0: Called Strike 1-1: Ground out 3-1 (Groundball, 34, EV 90.6 MPH)
|
Batting: RHB Devon House
|
0-0: Called Strike 0-1: Swinging Strike 0-2: Ground out 5-3 (Groundball, 5, EV 78.8 MPH)
|
Pinch Hitting: RHB Mustafa bin Gamali
|
0-0: Foul Ball, location: 2F 0-1: Fly out, F8 (Flyball, 8RD, EV 90.6 MPH)
|
Bottom of the 11th over - 0 runs, 0 hits, 0 errors, 0 left on base; University of Minnesota 5 - University of Conneticut 5 |
TOP OF THE 12TH |
University of Minnesota Golden Gophers batting - Pitching for University of Conneticut Huskies : RHP Miguel Ramos
|
Now at 1B: Miguel Perez
|
|
Batting: RHB Jim Unknown
|
0-0: Called Strike 0-1: Foul Ball, location: 2F 0-2: Ball 1-2: Ball 2-2: Foul Ball, location: 2F 2-2: Ball 3-2: Foul Ball, location: 2F 3-2: Fly out, F9 (Flyball, 9D, EV 98.8 MPH)
|
Batting: LHB Jim Unknown
|
0-0: Called Strike 0-1: Ground out 4-3 (Groundball, 4, EV 78.8 MPH)
|
Batting: LHB Jim Unknown
|
0-0: Foul Ball, location: 2F 0-1: Ball 1-1: Fly out, F6 (Popup, 56, EV 78.8 MPH)
|
Top of the 12th over - 0 runs, 0 hits, 0 errors, 0 left on base; University of Minnesota 5 - University of Conneticut 5 |
BOTTOM OF THE 12TH |
University of Conneticut Huskies batting - Pitching for University of Minnesota Golden Gophers : RHP Jim Unknown
|
Batting: SHB Chris Handelman
|
0-0: Fly out, F8 (Flyball, 8LD, EV 96.9 MPH)
|
Batting: LHB Sergei Stefanov
|
0-0: Foul Ball, location: 2F 0-1: Ball 1-1: SOLO HOME RUN (Flyball, 8LXD, EV 114.4 MPH), Distance : 458 ft
|
Bottom of the 12th over - 1 run, 1 hit, 0 errors, 0 left on base; University of Minnesota 5 - University of Conneticut 6 |
|
Game Over ... University of Conneticut defeats University of Minnesota, 6 to 5
|
|
|